 Dungeon Crawl Stone Soup version 0.27-a0-1500-g450c7e4133 (webtiles) character file.

Game seed: 5278481712428749941

375 MrSixtyFour the Grave Robber (level 6, -1/41 HPs)
             Began as a Mummy Necromancer on July 7, 2021.
             Slain by a killer bee (3 damage)
             ... on level 5 of the Dungeon.
             The game lasted 00:23:35 (4390 turns).

MrSixtyFour the Grave Robber (Mummy Necromancer)    Turns: 4390, Time: 00:23:36

Health: -1/41      AC:  4    Str: 11    XL:     6   Next: 44%
Magic:  11/13      EV: 13    Int: 17    God:
Gold:   70         SH:  0    Dex: 18    Spells: 12/14 levels left

rFire    . . .     SeeInvis .   f - +2 dagger (venom)
rCold    + . .     Faith    .   (no shield)
rNeg     + + +     Spirit   .   n - +2 robe {rF+}
rPois    ∞         Reflect  .   (no helmet)
rElec    .         Harm     .   (no cloak)
rCorr    .         Rampage  .   (no gloves)
Will     .....                  (no boots)
Stlth    +++.......             d - amulet of regeneration
HPRegen  1.13/turn              m - +6 ring of dexterity
MPRegen  0.13/turn              (no ring)

@: no status effects
A: cold resistance 1, negative energy resistance 3, torment resistance 2, heat
vulnerability 1, no potions
a: no special abilities


You were on level 5 of the Dungeon.
You visited 1 branch of the dungeon, and saw 5 of its levels.

You collected 155 gold pieces.
You spent 85 gold pieces at shops.

Inventory:

Hand Weapons
 f - a +2 dagger of venom (weapon)
Armour
 a - a +0 robe
 e - a +0 leather armour
 n - a +2 robe of fire resistance (worn)
Jewellery
 b - an amulet of faith
 d - an amulet of regeneration (around neck)
 l - a ring of resist corrosion
 m - a +6 ring of dexterity (left hand)
Wands
 o - a wand of iceblast (9)
 p - a wand of charming (10)
 r - a wand of polymorph (7)
Scrolls
 c - 5 scrolls of identify {unknown}
 g - 2 scrolls of enchant armour {unknown}
 h - 2 scrolls of teleportation {unknown}
 j - a scroll of magic mapping {unknown}
 q - a scroll of noise {unknown}
 s - a scroll of fog {unknown}
 t - a scroll of immolation {unknown}
 u - a scroll of brand weapon {unknown}


   Skills:
 + Level 3.1 Dodging
 + Level 3.3 Stealth
 + Level 4.7 Spellcasting
 + Level 5.2 Necromancy


You had 12 spell levels left.
You knew the following spells:

 Your Spells              Type           Power      Damage    Failure   Level
a - Pain                  Necr           84%        1d8       1%          1
b - Animate Skeleton      Necr           42%        N/A       1%          1

Your spell library contained the following spells:

 Spells                   Type           Power      Damage    Failure   Level
 Vampiric Draining        Necr           10%        2d7       4%          3
 Animate Dead             Necr           10%        N/A       17%         4
 Agony                    Necr           21%        N/A       43%         5


Dungeon Overview and Level Annotations

Branches:
Dungeon (5/15)
 Temple: D:4-7

Altars:

Shops:
D:2 :   D:4 [


Innate Abilities, Weirdness & Mutations

You are immune to poison.
Your flesh is cold resistant. (rC+)
You are immune to negative energy. (rN+++)
You are immune to unholy pain and torment.
You are vulnerable to heat. (rF-)
You do not drink.


Message History

The centaur wields a +0 shortbow.
The centaur shoots an arrow.
The arrow hits you.
The centaur shoots an arrow.
The arrow hits you.
The centaur shoots an arrow.
The arrow hits you!
Aiming: Iceblast
Press: ? - help, Shift-Dir - straight line
Okay, then.
Okay, then.
You miss the killer bee. The killer bee stings you. x2
* * * LOW HITPOINT WARNING * * *
The killer bee stings you.
* * * LOW HITPOINT WARNING * * *
You see here 7 arrows.
The killer bee stings you.
* * * LOW HITPOINT WARNING * * *
The killer bee misses you.
There is an open door here.
The killer bee stings you.
* * * LOW HITPOINT WARNING * * *
The killer bee barely misses you. The killer bee misses you.
The killer bee stings you.
* * * LOW HITPOINT WARNING * * *
The killer bee stings you but does no damage.
Aiming: Charm
Press: ? - help, Shift-Dir - straight line, f - centaur
Aim: a centaur, wielding a +0 shortbow and quivering arrows (chance to affect: 46%)
The centaur resists with some effort.
The killer bee stings you!
* * * LOW HITPOINT WARNING * * *
The killer bee closely misses you.
The centaur unwields a +0 shortbow.
The centaur misses you.
The centaur kicks you but does no damage.
The killer bee closely misses you. x2
The killer bee barely misses you. The killer bee stings you.
* * * LOW HITPOINT WARNING * * *
The killer bee stings you but does no damage.
The centaur hits you.
* * * LOW HITPOINT WARNING * * *
The centaur kicks you but does no damage.
The killer bee stings you.
You die...

########## ###........##
+.'.........##
###...y......##
############...y........
.†.......(.'.yyy@.......
####....####...c....##.#
#....# ########## #....#
#....# #....# #....#
######


You could see a centaur and 5 killer bees.

Vanquished Creatures
  An ogre (D:4)
  A killer bee (D:5)
  An orc priest (D:3)
  A jelly (D:4)
  A bullfrog skeleton (D:5)
  An iguana (D:3)
  Robin (D:3)
  6 adders
  7 orcs
  2 ball pythons
  6 endoplasms
  A giant cockroach (D:1)
  13 goblins
  6 hobgoblins
  2 jackals (D:1)
  3 kobolds
  4 quokkas
  3 bats
  3 frilled lizards
  7 rats
70 creatures vanquished.

Vanquished Creatures (collateral kills)
  An orc (D:4)
1 creature vanquished.

Grand Total: 71 creatures vanquished

Notes
Turn   | Place    | Note
-------+----------+-------------------------------------------
     0 | D:1      | MrSixtyFour the Mummy Necromancer began the quest for the
                  | Orb.
     0 | D:1      | Reached XP level 1. HP: 13/13 MP: 4/4
   341 | D:1      | Found a faded altar of an unknown god.
   387 | D:1      | Learned a level 1 spell: Animate Skeleton
   630 | D:1      | Reached XP level 2. HP: 17/19 MP: 5/5
  1096 | D:2      | Reached XP level 3. HP: 23/24 MP: 4/7
  1498 | D:2      | Found Nenlow's Book Shoppe.
  1844 | D:3      | Reached XP level 4. HP: 30/30 MP: 4/9
  2116 | D:3      | Reached XP level 5. HP: 35/35 MP: 4/10
  2325 | D:3      | Noticed Robin
  3046 | D:3      | Killed Robin
  3202 | D:4      | Found Kiankyma's Antique Armour Shoppe.
  3206 | D:4      | Bought a glowing robe for 85 gold pieces
  4052 | D:5      | Entered Level 5 of the Dungeon
  4058 | D:5      | Noticed an ogre
  4148 | D:4      | Killed an ogre
  4149 | D:4      | Reached skill level 5 in Necromancy
  4149 | D:4      | Reached XP level 6. HP: 31/41 MP: 7/12
  4390 | D:5      | HP: 2/41 [centaur (4)]
  4390 | D:5      | Slain by a killer bee

Illustrated notes

Levels and vault maps discovered:
D:1:      minmay_arrival_solitary_statue, layout_basic,
          shapermc_ecumenical_altar_pompeii
D:2:      layout_rooms, serial_shops, shop_statue, chequers_garden,
          chequers_serial_rivers_large_a
D:3:      layout_basic, uniq_robin
D:4:      layout_basic, serial_shops, shop, st_stairs_10
D:5:      layout_basic, elyvilon_altar_3,
          chequers_temple_overflow_statue_of_worship, grunt_ministairs_4

Skill      XL: |  1  2  3  4  5  6 |
---------------+-------------------+-----
Spellcasting   | 3 4 |  4.7
Stealth        | 2 3 |  3.3
Dodging        | 2 3 |  3.1
Necromancy     | 5 |  5.2

Action                   |  1- 3 |  4- 6 || total
-------------------------+-------+-------++-------
Melee: Unarmed           |    13 |       ||    13
       Dagger            |    14 |    42 ||    56
 Cast: Pain              |    55 |    78 ||   133
       Animate Skeleton  |     8 |    10 ||    18
Evoke: Wand              |       |     2 ||     2
  Use: Scroll            |       |     2 ||     2
 Stab: Distracted        |       |     1 ||     1
Armor: Robe              |     6 |     9 ||    15
Dodge: Dodged            |    28 |    49 ||    77

Table legend: (Time is in decaauts)
 A = Elapsed time spent in this place.
 B = Non-inter-level travel time spent in this place.
 C = Inter-level travel time spent in this place.
 D = Time resting spent in this place.
 E = Time spent auto-exploring this place.
 F = Levels seen in this place.
 G = Mean time per level.
                   A        B        C        D        E       F      G
               +--------+--------+--------+--------+--------+-----+--------+
         Total |   4404 |   4275 |    129 |   1344 |   2000 |   5 |  880.8 |
       Dungeon |   4404 |   4275 |    129 |   1344 |   2000 |   5 |  880.8 |
               +--------+--------+--------+--------+--------+-----+--------+

Top non-repeatable levels by time:
     D:2: 1396 daAuts
     D:4: 983 daAuts
     D:3: 970 daAuts
     D:1: 844 daAuts
     D:5: 209 daAuts
